Map: Bridgehead LE (Void)

Players

포린 - Winner!

  • Race: Zerg Zerg
  • League: Platinum

ImotoFantasy

  • Race: Protoss Protoss
  • League: Platinum

VOD

Have the link to the VOD?

Description

Time

  • Played on: Oct. 28, 2015, midnight
  • Length: 11:00
Show
View Real Time Build Order
Export as new Build Order

포린 Zerg - Winner!

Build Orders: Hatch First 

Get SALT Encoding   

  12  0:01  Drone  
  13  0:08  Drone  
  14  0:17  Overlord  
  14  0:35  Drone x3  
  17  0:47  Drone  
  18  0:56  Hatchery  
  17  1:10  Spawning Pool  
  16  1:11  Drone  
  16  1:15  Drone  
  18  1:19  Drone  
  18  1:24  Extractor  
  18  1:30  Drone  
  19  1:40  Overlord  
  19  1:58  Zergling x2  
  19  1:59  Queen  
  22  2:02  Zergling x2  
  23  2:09  Drone, Queen  
  26  2:18  Drone  
  27  2:26  Drone  
  28  2:33  Metabolic Boost  
  28  2:40  Hatchery  
  28  2:42  Drone x2  
  28  2:43  Drone x2  
  31  3:00  Overlord, Drone  
  31  3:01  Drone  
  31  3:02  Queen  
  35  3:06  Drone  
  36  3:20  Drone  
  36  3:21  Drone  
  36  3:22  Drone x3  
  36  3:23  Overlord  
  39  3:43  Drone x3  
  39  3:47  Drone  
  39  3:48  Drone x2  
  45  3:53  Queen  
  45  3:54  Drone  
  45  3:55  Overlord  
  48  3:56  Overlord  
  48  3:57  Drone x2  
  50  4:02  Extractor  
  50  4:05  Extractor  
  50  4:09  Roach Warren, Drone  
  48  4:17  Extractor  
  48  4:18  Lair  
  48  4:20  Zergling x6  
  48  4:22  Drone  
  48  4:23  Drone  
  52  4:24  Drone  
  53  4:31  Zergling x2  
  53  4:33  Drone x3  
  53  4:37  Drone x3  
  60  4:43  Drone  
  60  4:44  Drone x5  
  66  4:57  Roach  
  66  4:59  Roach x3  
  73  5:02  Overlord  
  73  5:03  Overlord  
  73  5:07  Drone  
  74  5:22  Roach x4, Extractor  
  74  5:24  Roach x2, Zergling x2  
  84  5:39  Roach  
  86  5:46  Roach  
  86  5:47  Roach x2  
  86  5:48  Roach  
  78  5:58  Roach x2  
  78  5:59  Roach x4  
  86  6:07  Roach x3  
  87  6:15  Roach x3  
  86  6:23  Roach x4  
  88  6:34  Overlord x3  
  82  6:46  Roach x2  
  82  6:53  Roach  
  82  6:54  Roach x6  
  94  7:03  Glial Reconstitution  
  94  7:10  Hydralisk Den  
  94  7:14  Evolution Chamber x2  
  83  7:26  Roach x2  
  83  7:28  Roach x5  
  89  7:38  Roach x2  
  89  7:40  Roach x2  
  89  7:42  Overlord  
  89  7:43  Overlord x2  
  97  7:50  Queen  
  97  7:56  Zerg Missile Weapons Level 1, Zerg Ground Armor Level 1  
  97  7:58  Hatchery, Hydralisk  
  96  8:05  Overseer  
  96  8:10  Hydralisk  
  96  8:11  Hydralisk x8  
  103  8:35  Muscular Augments  
  103  8:39  Hydralisk x3  
  103  8:41  Drone x2  
  111  8:42  Drone  
  111  8:43  Drone x7  
  119  8:55  Overseer  
  119  9:06  Overlord x4  
  119  9:10  Extractor  
  119  9:11  Drone  
  119  9:13  Hydralisk x2  
  119  9:14  Hydralisk  
  125  9:19  Roach  
  127  9:31  Hydralisk  
  127  9:32  Hydralisk x7  
  127  9:33  Hydralisk  
  127  9:34  Drone  
  127  9:37  Drone, Queen  
  127  9:38  Drone x2  
  151  9:45  Overlord x3  
  151  9:46  Overlord x2  
  151  9:50  Overseer  
  151  10:03  Hydralisk  
  151  10:04  Overlord, Hydralisk x4  
  151  10:05  Hydralisk  
  151  10:06  Zergling x6  
  166  10:08  Drone  
  167  10:25  Drone x2  
  167  10:26  Drone x9  
  166  10:41  Roach x4  
  166  10:42  Ravager  
  179  10:43  Ravager x2  
Show
View Real Time Build Order
Export as new Build Order

ImotoFantasy Protoss 

Build Orders: 1 Gate Expand 

Get SALT Encoding   

  12  0:00  Probe (Chrono Boost)  
  13  0:11  Probe (Chrono Boost)  
  14  0:18  Pylon  
  14  0:22  Probe (Chrono Boost)  
  15  0:36  Probe (Chrono Boost)  
  16  0:47  Probe (Chrono Boost)  
  17  0:57  Gateway  
  17  0:58  Probe (Chrono Boost)  
  17  1:01  Assimilator  
  18  1:09  Probe (Chrono Boost)  
  19  1:25  Nexus  
  19  1:26  Probe (Chrono Boost)  
  20  1:36  Probe (Chrono Boost)  
  21  1:50  Cybernetics Core  
  21  1:51  Probe (Chrono Boost)  
  22  1:56  Pylon  
  22  2:01  Assimilator  
  22  2:02  Probe (Chrono Boost)  
  23  2:14  Probe (Chrono Boost), Zealot  
  26  2:21  Forge  
  26  2:22  Warp Gate (Chrono Boost)  
  26  2:26  Probe (Chrono Boost)  
  26  2:37  Probe  
  26  2:38  Probe  
  26  2:41  Stalker  
  30  2:47  Probe  
  30  2:50  Probe  
  32  2:54  Protoss Ground Weapons Level 1 (Chrono Boost)  
  32  3:00  Probe  
  32  3:02  Probe  
  34  3:07  Pylon  
  34  3:12  Probe  
  35  3:13  Pylon  
  35  3:14  Probe  
  34  3:24  Probe  
  34  3:26  Probe  
  35  3:36  Probe  
  35  3:38  Probe  
  35  3:41  Gateway  
  36  3:45  Gateway  
  36  3:52  Gateway  
  36  3:56  Probe x2  
  38  4:04  Gateway  
  38  4:11  Probe x2  
  40  4:18  Pylon  
  40  4:27  Pylon  
  40  4:40  Stalker  
  42  4:46  Pylon  
  42  4:52  Pylon  
  42  5:00  Stalker x2  
  46  5:09  Protoss Ground Armor Level 1 (Chrono Boost)  
  46  5:10  Zealot x3  
  52  5:19  Probe  
  52  5:20  Probe  
  54  5:28  Zealot x2  
  58  5:32  Zealot x3  
  64  5:46  Zealot  
  62  5:50  Zealot  
  62  5:56  Zealot  
  60  5:57  Zealot x2  
  60  6:15  Stalker x2  
  60  6:33  Stalker x3  
  64  6:44  Stalker x2  
  56  6:56  Zealot x3  
  56  6:58  Probe x2  
  64  7:06  Stargate  
  64  7:07  Zealot x2  
  64  7:08  Stargate  
  68  7:09  Nexus  
  68  7:10  Probe  
  67  7:22  Mothership Core  
  67  7:27  Zealot x2  
  67  7:28  Zealot x3  
  69  7:40  Probe  
  69  7:44  Probe  
  71  7:46  Photon Cannon  
  71  7:47  Photon Cannon  
  71  7:48  Zealot x3  
  77  7:52  Probe  
  77  7:57  Pylon  
  78  8:00  Pylon  
  78  8:02  Probe  
  78  8:03  Fleet Beacon  
  78  8:05  Probe, Pylon  
  78  8:11  Fleet Beacon  
  62  8:30  Probe  
  62  8:31  Probe x2  
  62  8:33  Void Ray (Chrono Boost)  
  67  8:39  Assimilator  
  67  8:40  Probe, Assimilator  
  67  8:42  Assimilator  
  67  8:43  Probe x2  
  67  8:44  Assimilator  
  70  8:51  Probe  
  70  8:54  Photon Cannon  
  71  8:55  Probe  
  71  8:56  Photon Cannon  
  71  9:00  Probe  
  71  9:01  Probe  
  73  9:05  Photon Cannon  
  73  9:09  Photon Cannon  
  74  9:12  Probe x2, Photon Cannon x2  
  74  9:13  Photon Cannon  
  74  9:16  Photon Cannon  
  76  9:17  Pylon  
  76  9:20  Carrier (Chrono Boost)  
  82  9:27  Probe  
  89  9:46  Carrier (Chrono Boost)  
  89  9:48  Pylon  
  89  9:53  Pylon  
  89  10:01  Pylon  
  89  10:04  Pylon  
  89  10:12  Nexus  
  89  10:15  Pylon, Stargate  
  89  10:16  Pylon, Stargate  
  89  10:18  Pylon  
Tags
 
Add a new tag
Caveats
  • Supply blocks, unpowered buildings, or Contaminate may cause inaccurate times.
  • Supply counts are checked every 10 seconds.